 Dungeon Crawl Stone Soup version 0.26-a0-712-ga5a9c9c9d0 (webtiles) character file.

Game seed: 16198215739851128948

36 Azzok the Chopper (level 3, 24/29 HPs)
             Began as a Demonspawn Berserker on Nov 8, 2020.
             Was a Follower of Trog.
             Quit the game on level 2 of the Dungeon.
             The game lasted 00:00:53 (987 turns).

Azzok the Chopper (Demonspawn Berserker)             Turns: 987, Time: 00:00:54

Health: 24/29      AC:  5    Str: 18    XL:     3   Next: 19%
Magic:  3/3        EV: 11    Int:  8    God:    Trog [*.....]
Gold:   75         SH:  0    Dex: 12    Spells: 2/2 levels left

rFire    . . .     SeeInvis .   a - +0 hand axe
rCold    . . .     Faith    .   (no shield)
rNeg     . . .     Spirit   .   g - +0 ring mail
rPois    .         Reflect  .   (no helmet)
rElec    .         Harm     .   (no cloak)
rCorr    .         Rampage  .   (no gloves)
MR       .....                  (no boots)
Stlth    ..........             d - amulet of regeneration
HPRegen  0.49/turn              (no ring)
MPRegen  0.08/turn              (no ring)

@: mildly poisoned (24 -> 24)
A: hooves 1, rot immunity
a: Berserk, Renounce Religion


You were on level 2 of the Dungeon.
You worshipped Trog.
Trog was aware of your devotion.
You visited 1 branch of the dungeon, and saw 2 of its levels.

You collected 75 gold pieces.

Inventory:

Hand Weapons
 a - a +0 hand axe (weapon)
Armour
 g - a +0 ring mail (worn)
Jewellery
 d - an amulet of regeneration (around neck)
Scrolls
 e - a scroll of teleportation {unknown}
 f - a scroll of enchant weapon {unknown}
 i - a scroll of enchant armour {unknown}
 j - a scroll of random uselessness {unknown}
Potions
 b - a potion of curing {unknown}
 c - a potion of might {unknown}
 h - a potion of magic {unknown}


   Skills:
 - Level 3.0 Fighting
 + Level 4.0 Axes
 - Level 1.7 Armour
 - Level 1.7 Dodging


You had 2 spell levels left.
You didn't know any spells.
Your spell library was empty.

Dungeon Overview and Level Annotations

Branches:
Dungeon (2/15)

Altars:


Innate Abilities, Weirdness & Mutations

You have large cloven feet.
You are immune to rotting.


Message History

The adder misses you.
You hit the adder but do no damage.
The adder is heavily wounded.
The adder closely misses you. The adder barely misses you.
You miss the adder. You kick the adder.
The adder is severely wounded.
You feel sick. The adder bites you.
You hit the adder. Your kick misses the adder.
The adder is almost dead.
The adder barely misses you. The adder bites you but does no damage.
You hit the adder.
You kill the adder!
Trog accepts your kill.
Your Axes skill increases to level 4!
You have reached level 3!
Your experience leads to an increase in your attributes!
Increase (S)trength, (I)ntelligence, or (D)exterity?
You feel stronger.
Your demonic ancestry asserts itself...
You feel immune to rotting.
Are you sure you want to abandon this character and quit the game? (Confirm with "yes".)

········▒·▒
▒▒▒▒▒▒····▒▒
···········▒▒▒▒▒
▒▒▒▒▒▒·········▒
▒▒·▒▒·▒▒▒·▒
▒▒▒▒▒▒▒·▒▒·▒ ▒·▒
·····▒▒·▒▒·▒▒▒·▒▒▒▒
†▒▒▒··············▒·▒
·▒▒▒▒▒▒·▒▒·▒····@···▒
········▒▒·▒·▒·▒▒·▒▒▒
·▒▒▒▒▒▒▒▒▒·▒·▒·▒ ·▒
·▒ ▒··▒··▒ ·· [·
··▒▒▒·▒ ▒▒· ··▒ ·▒·
·▒▒ ·▒ ▒·· ▒· ▒ ▒ ▒·▒
▒ ·▒


There were no monsters in sight!

Vanquished Creatures
  An adder (D:2)
  An ooze (D:1)
  A dart slug (D:1)
  3 giant cockroaches (D:1)
  3 hobgoblins (D:1)
  3 jackals (D:2)
  A quokka (D:2)
  A ball python (D:1)
  2 frilled lizards (D:1)
  2 kobolds
  2 rats (D:1)
20 creatures vanquished.

Notes
Turn   | Place    | Note
-------+----------+-------------------------------------------
     0 | D:1      | Azzok the Demonspawn Berserker began the quest for the Orb.
     0 | D:1      | Reached XP level 1. HP: 18/18 MP: 1/1
   170 | D:1      | Reached skill level 3 in Axes
   261 | D:1      | Gained mutation: You have large cloven feet. [demonic
                  | ancestry]
   261 | D:1      | Reached XP level 2. HP: 6/24 MP: 2/2
   986 | D:2      | Reached skill level 4 in Axes
   986 | D:2      | Gained mutation: You are immune to rotting. [demonic
                  | ancestry]
   986 | D:2      | Reached XP level 3. HP: 23/29 MP: 3/3
   987 | D:2      | Quit the game

Illustrated notes

Levels and vault maps discovered:
D:1:      minmay_arrival_five_plusses, layout_loops_corners,
          minmay_misc_feat_secret_circle, serial_bayou_pond_e, solitary_fountain
D:2:      layout_loops_ring, overflow_temple_1_default, minmay_tree_intersection

Skill      XL: |  1  2 |
---------------+-------+-----
Axes           | 3 4 |  4.0
Fighting       | |  3.0
Armour         | |  1.7
Dodging        | |  1.7

Action                   || total
-------------------------++-------
Melee: Hand axe          ||    79
       Kick              ||     8
Armor: Animal skin       ||     6
       Ring mail         ||     9
Dodge: Dodged            ||    51

Table legend: (Time is in decaauts)
 A = Elapsed time spent in this place.
 B = Non-inter-level travel time spent in this place.
 C = Inter-level travel time spent in this place.
 D = Time resting spent in this place.
 E = Time spent auto-exploring this place.
 F = Levels seen in this place.
 G = Mean time per level.
                   A        B        C        D        E       F      G
               +--------+--------+--------+--------+--------+-----+--------+
         Total |    997 |    960 |     37 |      0 |    782 |   2 |  498.5 |
       Dungeon |    997 |    960 |     37 |      0 |    782 |   2 |  498.5 |
               +--------+--------+--------+--------+--------+-----+--------+

Top non-repeatable levels by time:
     D:1: 901 daAuts
     D:2: 95 daAuts
